 Dungeon Crawl Stone Soup version 0.21-a0-271-ge7f0487 (webtiles) character file.

95 JackS81 the Changer (level 4, -2/28 HPs)
             Began as an Octopode Transmuter on Sept 15, 2017.
             Slain by an orc priest (4 damage)
             ... on level 2 of the Dungeon.
             The game lasted 00:06:26 (1664 turns).

JackS81 the Changer (Octopode Transmuter)           Turns: 1664, Time: 00:06:26

Health: -2/28      AC:  1    Str:  9    XL:     4   Next: 65%
Magic:  7/7        EV: 13    Int: 16    God:
Gold:   84         SH:  0    Dex: 12    Spells: 3/7 levels left

rFire    . . .     SeeInvis .     - Unarmed
rCold    . . .     Gourm    .   (no shield)
rNeg     . . .     Faith    +   (helmet restricted)
rPois    .         Spirit   .   h - amulet of faith
rElec    .         Reflect  .   (no ring)
rCorr    .         Harm     .   (no ring)
MR       .....                  (no ring)
Stlth    +++.......             (no ring)
HPRegen  0.09/turn              (no ring)
MPRegen  0.10/turn              (no ring)
                                (no ring)
                                (no ring)

@: appendage
A: almost no armour, stealthy swim, amphibious, 8 rings, constrict 8, tentacle
spike 3, camouflage 1, gelatinous body 1
a: End Transformation


You were on level 2 of the Dungeon.
You were not hungry.
One of your tentacles had a temporary spike.
You visited 1 branch of the dungeon, and saw 2 of its levels.

You collected 84 gold pieces.

Inventory:

Hand Weapons
 n - a cursed -1 dagger
Missiles
 a - 37 arrows
 d - 10 stones (quivered)
Jewellery
 h - an amulet of faith (around mantle)
Scrolls
 f - 2 scrolls of recharging {unknown}
 g - a scroll of fear {unknown}
 i - a scroll of remove curse {unknown}
 j - a scroll of blinking {unknown}
 m - a scroll of teleportation {unknown}
Potions
 e - a potion of curing {unknown}
Books
 b - a book of Changes

   Spells                             Type                      Level
   a - Beastly Appendage              Transmutation                1
   b - Sticks to Snakes               Transmutation                2
   c - Spider Form                    Transmutation/Poison         3
   d - Ice Form                       Ice/Transmutation            4
   e - Blade Hands                    Transmutation                5
Comestibles
 c - a bread ration
 k - a meat ration
 l - 3 chunks of flesh


   Skills:
 - Level 1.0 Fighting
 - Level 2.0 Dodging
 + Level 3.0 Unarmed Combat
 - Level 2.0 Spellcasting
 * Level 4.6 Transmutations


You had 3 spell levels left.
You knew the following spells:

 Your Spells              Type           Power        Failure   Level  Hunger
a - Beastly Appendage     Tmut           ###...       3%          1    #......
b - Spider Form           Tmut/Pois      #.........   24%         3    ###....


Dungeon Overview and Level Annotations

Branches:
Dungeon (2/15)

Altars:
Uskayaw


Innate Abilities, Weirdness & Mutations

You cannot wear most types of armour.
You are very stealthy in the water. (Stealth+)
You are amphibious.
You can wear up to eight rings at the same time.
You can use your tentacles to constrict eight enemies at once.
Your skin changes colour to match your surroundings (Stealth+).
Your rubbery body absorbs attacks. (AC +1, EV +1)
One of your tentacles bears a large vicious spike.


Message History

Your grab misses the orc priest. The orc wizard hits you with a dagger.
The orc barely misses you. The orc priest hits you.
You barely miss the orc priest. You grab the orc priest.
You pierce the orc priest.
The orc priest is moderately wounded.
You constrict the orc priest. The orc wizard misses you. The orc misses you.
The orc priest hits you.
* * * LOW HITPOINT WARNING * * *
You tentacle-slap the orc priest but do no damage.
The orc priest is moderately wounded.
You constrict the orc priest, but do no damage.
The orc wizard closely misses you. The orc barely misses you.
The orc priest hits you.
* * * LOW HITPOINT WARNING * * *
You tentacle-slap the orc priest.
The orc priest is moderately wounded.
You constrict the orc priest, but do no damage.
The orc wizard hits you but does no damage.
The orc barely misses you. The orc priest hits you.
You die...

........#..##### #.
#............. .# ..
####..#########.# ..##
#.###........#
...####.##..≈...≈..####
#.......#.............
#..###..#⌠..........# #
...# ##.#...........#.#
##.# #.##..≈..o@o....#
#.# #.###....o...##.#
##.# #..#########(# .#.#
##............#
...###.........##.#...#
.....'.........'.........
+###.......†...##......##
#..#....>..###......#
.###..##.....## #......#


You could see an orc priest, an orc wizard and an orc.

Vanquished Creatures
  A bullfrog zombie (D:2)
  3 adders (D:2)
  A leopard gecko (D:2)
  6 orcs (D:2)
  5 bats
  A giant cockroach (D:1)
  2 goblins (D:2)
  2 hobgoblins (D:1)
  2 ball pythons
  A frilled lizard (D:2)
  2 kobolds (D:2)
  4 rats
30 creatures vanquished.

Notes
Turn   | Place    | Note
-------+----------+-------------------------------------------
     0 | D:1      | JackS81 the Octopode Transmuter began the quest for the Orb.
     0 | D:1      | Reached XP level 1. HP: 13/13 MP: 3/3
   299 | D:1      | Reached XP level 2. HP: 18/18 MP: 3/5
   854 | D:2      | Reached skill level 3 in Transmutations
   970 | D:2      | Reached XP level 3. HP: 20/23 MP: 4/6
  1240 | D:2      | Found a faded altar of an unknown god.
  1451 | D:2      | Reached skill level 4 in Transmutations
  1451 | D:2      | Reached XP level 4. HP: 27/28 MP: 5/7
  1456 | D:2      | Learned a level 3 spell: Spider Form
  1519 | D:2      | Found a hide-covered altar of Uskayaw.
  1664 | D:2      | Slain by an orc priest

Vault maps used:
D:1:      dpeg_arrival_signposts
D:2:      cheibrodos_pilgrimage, minitemple, lemuel_doored_altar,
          chequers_ecumenical_altar_island, minmay_tromino_v4_c, uniq_terence

Skill      XL: |  1  2  3 |
---------------+----------+-----
Transmutations | 3 4 |  4.6
Fighting       | |  1.0
Dodging        | |  2.0
Unarmed Combat | |  3.0
Spellcasting   | |  2.0

Action                   |  1- 3 |  4- 6 || total
-------------------------+-------+-------++-------
Melee: Unarmed           |    55 |    20 ||    75
       Kick              |     7 |     6 ||    13
       Tentacles         |     9 |       ||     9
       Constrict         |     9 |     6 ||    15
       Punch             |     1 |     1 ||     2
Throw: Stone             |    39 |     6 ||    45
 Cast: Beastly Appendage |    14 |     4 ||    18
  Use: Potion            |     1 |       ||     1
 Stab: Sleeping          |     1 |     1 ||     2
  Eat: Chunk             |     2 |     1 ||     3
Armor: Skin              |     3 |       ||     3
Dodge: Dodged            |    48 |    18 ||    66

Table legend:
 A = Spawn XP
 B = Non-spawn XP
 C = Spawn XP percentage of total XP
 D = Spawn monster count
 E = Non-spawn monster count
 F = Spawn count percentage of total count
 G = Total turns spent on level
                    A         B        C        D         E        F      G
               +---------+---------+-------+---------+---------+-------+---------
         Total |       0 |     136 |   0.0 |       0 |      30 |   0.0 |  1664
               +---------+---------+-------+---------+---------+-------+---------
           D:1 |       0 |      18 |   0.0 |       0 |      11 |   0.0 |   851
           D:2 |       0 |     118 |   0.0 |       0 |      19 |   0.0 |   813
               +---------+---------+-------+---------+---------+-------+---------
